Map: Alcyone LE

Players

A.I. 1 (Very Easy) - Winner!

  • Race: Protoss Protoss
  • Spawn Location: 1:00

marineabuser

  • Race: Terran Terran
  • Spawn Location: 7:00

VOD

Have the link to the VOD?

Description

Time

  • Played on: April 20, 2024, 6:22 p.m.
  • Length: 5:24
Show
View Real Time Build Order
Export as new Build Order

A.I. 1 (Very Easy) Protoss - Winner!

Build Orders:  

Get SALT Encoding   

  12  0:00  Probe  
  13  0:13  Probe  
  14  0:19  Pylon  
  14  0:36  Assimilator  
  14  0:42  Gateway  
  14  0:45  Pylon  
  14  1:12  Assimilator  
  14  1:21  Zealot  
  14  1:22  Probe  
  14  1:30  Probe  
  14  1:32  Cybernetics Core  
  18  1:40  Probe  
  19  1:52  Probe  
  20  2:01  Probe  
  20  2:08  Warp Gate  
  21  2:09  Probe  
  22  2:41  Stalker  
Show
View Real Time Build Order
Export as new Build Order

marineabuser Terran 

Build Orders: Reaper Expand 

Get SALT Encoding   

  12  0:00  SCV  
  13  0:12  SCV  
  14  0:17  Supply Depot  
  14  0:24  SCV  
  15  0:38  SCV  
  15  0:39  Barracks  
  16  0:46  Refinery  
  16  0:53  SCV  
  17  1:10  SCV  
  18  1:26  Orbital Command  
  18  1:30  Reaper  
  19  1:35  Command Center  
  19  1:45  Supply Depot  
  19  1:51  SCV  
  20  2:02  Marine  
  20  2:06  SCV  
  20  2:07  Factory  
  22  2:10  Refinery  
  22  2:19  SCV  
  22  2:21  Bunker  
  23  2:27  Barracks Reactor  
  23  2:31  SCV  
  24  2:44  SCV  
  25  2:47  Orbital Command  
  25  2:53  Starport  
  25  2:54  Hellion  
  25  2:56  SCV  
  28  3:05  Marine x2  
  28  3:08  SCV  
  31  3:19  Widow Mine  
  33  3:20  SCV  
  33  3:25  Marine x2  
  36  3:28  SCV  
  36  3:32  Supply Depot, Medivac  
  39  3:35  SCV  
  39  3:40  Widow Mine  
  42  3:43  SCV  
  42  3:44  Marine x2  
  45  3:49  SCV  
  46  3:59  Supply Depot  
  46  4:03  Factory Tech Lab  
  46  4:04  Starport Tech Lab, Marine x2  
  46  4:08  SCV  
  49  4:10  SCV  
  50  4:20  SCV, Refinery  
  50  4:21  Barracks x2  
  50  4:23  Supply Depot  
  51  4:25  Raven, Siege Tank  
  51  4:26  Marine  
  51  4:30  Marine  
  58  4:33  SCV  
  58  4:36  SCV  
  60  4:45  SCV  
  61  4:59  Command Center  
  61  5:06  Factory Tech Lab  
  61  5:07  SCV  
  62  5:09  Engineering Bay  
  62  5:11  Starport Reactor  
Tags
 
Matchup
PvT
Spawn Locations
Cross Positions
Add a new tag
Caveats
  • Supply blocks, unpowered buildings, or Contaminate may cause inaccurate times.
  • Supply counts are checked every 10 seconds.